 Dungeon Crawl Stone Soup version 0.24.0-13-gcf9b3192b9 (webtiles) character file.

Game seed: 7543823315593749268, levelgen mode: deterministic

2313 Delamore the Cleaver (level 9, -1/70 HPs)
             Began as a Hill Orc Fighter on Nov 9, 2019.
             Was a Priest of Okawaru.
             Killed from afar by a manticore (6 damage)
             ... with a volley of spikes
             ... on level 8 of the Dungeon.
             The game lasted 00:17:42 (5909 turns).

Delamore the Cleaver (Hill Orc Fighter)             Turns: 5909, Time: 00:17:46

Health: -1/70      AC:  9    Str: 19    XL:     9   Next: 41%
Magic:  5/9        EV: 15    Int:  8    God:    Okawaru [***...]
Gold:   132        SH: 11    Dex: 15    Spells: 8/8 levels left

rFire    . . .     SeeInvis .   a - +0 war axe
rCold    + . .     Gourm    .   c - +0 shield
rNeg     . . .     Faith    .   v - +2 ring mail "Reumaob" {+Blink rC+ Str-3}
rPois    .         Spirit   .   (no helmet)
rElec    .         Reflect  .   (no cloak)
rCorr    .         Harm     .   (no gloves)
MR       .....                  (no boots)
Stlth    +++.......             (no amulet)
HPRegen  0.21/turn              e - +5 ring of dexterity
MPRegen  0.11/turn              p - +1 ring of protection

@: heroism, barbed spikes
A: no striking features
a: Heroism, Renounce Religion, Evoke Blink


You were on level 8 of the Dungeon.
You worshipped Okawaru.
Okawaru was most pleased with you.
You were hungry.

You visited 2 branches of the dungeon, and saw 9 of its levels.

You collected 330 gold pieces.
You spent 198 gold pieces at shops.

Inventory:

Hand Weapons
 a - a +0 war axe (weapon)
 k - a +3 dagger of flaming
Missiles
 o - 12 poisoned darts
 t - 7 atropa-tipped darts (quivered)
Armour
 c - a +0 shield (worn)
 v - the +2 ring mail "Reumaob" (worn) {+Blink rC+ Str-3}
   (You bought it in a shop on level 5 of the Dungeon)

   It affects your strength (-3).
   It protects you from cold.
   It lets you blink.
Jewellery
 e - a +5 ring of dexterity (left hand)
 p - a +1 ring of protection (right hand)
Wands
 i - a wand of flame (9)
Scrolls
 b - a scroll of noise {unknown}
 g - 2 scrolls of fog {unknown}
 l - a scroll of enchant weapon {unknown}
 m - 3 scrolls of teleportation {unknown}
 n - a scroll of identify
 q - 2 scrolls of remove curse
 r - a scroll of amnesia
 s - a scroll of immolation {unknown}
 u - a scroll of magic mapping
Potions
 d - a potion of might
 h - 2 potions of curing
 j - 2 potions of cancellation {unknown}
Comestibles
 f - 13 rations


   Skills:
 - Level 3.6(8.6) Fighting
 + Level 13.6(18.6) Axes
 - Level 3.2(8.2) Armour
 + Level 4.4(9.4) Dodging
 + Level 1.2(6.2) Stealth
 - Level 3.2(8.2) Shields
 + Level 0.3 Evocations


You had 8 spell levels left.
You didn't know any spells.
Your spell library was empty.

Dungeon Overview and Level Annotations

Branches:
Dungeon (8/15)             Temple (1/1) D:5
   Lair: D:8-11

Altars:
Ashenzari
Cheibriados
Dithmenos
Fedhas
Gozag
Hepliaklqana
Makhleb
Nemelex Xobeh
Okawaru
Qazlal
Sif Muna
Trog
Uskayaw
Vehumet
Wu Jian
Xom
Zin
The Shining One

Shops:
D:4 *   D:5 [


Message History

* * * LOW HITPOINT WARNING * * *
You blink.
You feel slightly more hungry.
Found a runed gold wand.
You slash the crimson imp!
You kill the crimson imp!
Okawaru accepts your kill.
Your base Stealth skill increases to level 1!
You blink.
You feel slightly more hungry.
The manticore flicks its tail.
The volley of spikes hits you.
The barbed spikes become lodged in your body.
* * * LOW HITPOINT WARNING * * *
You miss the hound. The hound barely misses you.
You slash the hound!
The hound is severely wounded.
You block the hound's attack.
The manticore flicks its tail.
The volley of spikes hits you.
The barbed spikes become lodged in your body.
You die...

..... #...# ...
###...### #...
#.......##...
#..........#
#..........#
#..........####
#...@h).#.....#
#..).)(<#../.#
#....[.H.ยง..#
#..........##
#.........##
##..#....##
##....###
#..... #######


You could see a manticore and a hound.

Vanquished Creatures
  A spriggan (D:7)
  An orc warrior (D:6)
  2 ogres
  6 centaurs
  A big kobold (D:6)
  3 bullfrogs
  A scorpion (D:6)
  3 killer bees (D:7)
  A crimson imp (D:8)
  A centaur zombie (D:6)
  A bullfrog zombie (D:6)
  5 hounds
  A jelly (D:5)
  An iguana (D:6)
  2 bullfrog skeletons
  A gnoll shaman (D:4)
  5 orc wizards
  3 worker ants
  2 hound skeletons
  A howler monkey zombie (D:6)
  A howler monkey skeleton (D:6)
  7 adders
  13 gnolls
  A shadow imp (D:6)
  An adder skeleton (D:5)
  3 worms
  3 dart slugs
  5 leopard geckos
  20 orcs
  A ball python (D:3)
  3 giant cockroaches
  7 goblins
  9 hobgoblins
  10 jackals
  11 kobolds
  2 quokkas
  3 bats
  3 frilled lizards
  A leopard gecko skeleton (D:7)
  A quokka skeleton (D:4)
  7 rats
154 creatures vanquished.

Vanquished Creatures (others)
  An orc (D:6)
1 creature vanquished.

Grand Total: 155 creatures vanquished

Notes
Turn   | Place    | Note
-------+----------+-------------------------------------------
     0 | D:1      | Delamore the Hill Orc Fighter began the quest for the Orb.
     0 | D:1      | Reached XP level 1. HP: 19/19 MP: 1/1
    65 | D:1      | Reached skill level 3 in Axes
    95 | D:1      | Reached XP level 2. HP: 23/26 MP: 2/2
   192 | D:1      | Reached skill level 4 in Axes
   279 | D:1      | Reached XP level 3. HP: 31/31 MP: 3/3
   723 | D:2      | Reached skill level 5 in Axes
   724 | D:2      | Reached skill level 1 in Dodging
   724 | D:2      | Reached XP level 4. HP: 25/39 MP: 4/4
   943 | D:2      | Found a burning altar of Makhleb.
  1321 | D:3      | Reached skill level 6 in Axes
  1327 | D:3      | Reached XP level 5. HP: 36/45 MP: 5/5
  1529 | D:3      | Found a shadowy altar of Dithmenos.
  1758 | D:4      | Found Zin's Purification Station.
  1758 | D:4      | Found a glowing silver altar of Zin.
  2023 | D:4      | Reached skill level 7 in Axes
  2187 | D:4      | Noticed an ogre
  2202 | D:4      | Killed an ogre
  2202 | D:4      | Reached XP level 6. HP: 12/51 MP: 6/6
  2212 | D:4      | Reached skill level 8 in Axes
  2582 | D:4      | Reached XP level 7. HP: 57/57 MP: 7/7
  2776 | D:5      | Entered Level 5 of the Dungeon
  2822 | D:5      | Found a staircase to the Ecumenical Temple.
  2839 | Temple   | Entered the Ecumenical Temple
  2871 | Temple   | Became a worshipper of Warmaster Okawaru
  2955 | D:5      | Found an ornate altar of the Wu Jian Council.
  2962 | D:5      | Reached skill level 9 in Axes
  3597 | D:5      | Reached skill level 10 in Axes
  3758 | D:5      | Found Jaisch's Antique Armour Emporium.
  3762 | D:5      | Bought a crude ring mail for 198 gold pieces
  3772 | D:5      | Identified the +2 ring mail "Reumaob" {+Blink rC+ Str-3}
                  | (You bought it in a shop on level 5 of the Dungeon)
  3870 | D:6      | Reached * piety under Okawaru
  3870 | D:6      | Reached XP level 8. HP: 39/64 MP: 8/8
  4117 | D:6      | Reached skill level 11 in Axes
  4449 | D:5      | Reached ** piety under Okawaru
  4613 | D:6      | Reached skill level 12 in Axes
  4948 | D:7      | Found a snail-covered altar of Cheibriados.
  4963 | D:7      | Reached XP level 9. HP: 65/70 MP: 9/9
  5090 | D:7      | Reached skill level 13 in Axes
  5442 | D:7      | Found a shimmering altar of Xom.
  5655 | D:7      | Reached *** piety under Okawaru
  5799 | D:7      | Found a burning altar of Makhleb.
  5799 | D:7      | Noticed a cacodemon
  5803 | D:7      | Noticed a smoke demon
  5892 | D:8      | Noticed a manticore
  5906 | D:8      | Reached skill level 1 in Stealth
  5909 | D:8      | Killed from afar by a manticore

Levels and vault maps discovered:
D:1:      tarquinn_simple_flora_water_f, layout_basic
D:2:      layout_basic, roderic_roman_lattice, lemuel_tele_altar
D:3:      layout_rooms, lemuel_doored_altar
D:4:      layout_basic, zin_purify, first_ration
D:5:      layout_gridville, nicolae_overflow_crystal_walls,
          minmay_temple_entry_ruins, serial_shops, kennysheep_mini
D:6:      layout_cave_pools
D:7:      layout_loops_ring, old_standard_altar, makhleb_altar_promises_db,
          the_bakery, xom_teletrap_fun
D:8:      layout_basic, lemuel_mausoleum_altar_kikubaaqudgha,
          nrook_mini_backslash, lightli_corner_chamber, uniq_harold
Temple:   minmay_temple_bridge_abc

Skill      XL: |  1  2  3  4  5  6  7  8  9 |
---------------+----------------------------+-----
Axes           | 3 4 5 6 7 8 10 12 13 | 13.6
Dodging        | 1 2 3 4 |  4.4
Stealth        | 1 |  1.2
Fighting       | |  3.6
Armour         | |  3.2
Shields        | |  3.2
Evocations     | |  0.3

Action                   |  1- 3 |  4- 6 |  7- 9 || total
-------------------------+-------+-------+-------++-------
Melee: War axe           |    85 |   175 |   291 ||   551
Throw: Dart              |       |     2 |       ||     2
Invok: Heroism           |       |       |     1 ||     1
 Abil: Evoke Blink       |       |       |     3 ||     3
  Use: Scroll            |       |     6 |     1 ||     7
       Potion            |       |     1 |     1 ||     2
  Eat: Chunk             |       |     6 |    10 ||    16
Armor: Scale mail        |    35 |    46 |    30 ||   111
       Skin              |       |    17 |    35 ||    52
       Ring mail         |       |       |    58 ||    58
Dodge: Dodged            |    23 |    55 |   110 ||   188
Block: Shield            |    56 |    77 |   160 ||   293
